Description

TvT proxy reapers to macro

Build Order

Get SALT Encoding   

  14  0:16  Supply Depot  
  14  00:40  Barracks  
  14  00:41  Refinery  
  14  00:53  Barracks  
  16  01:10  Refinery  
  16  01:27  Reaper  ксм назад и саплай в стенке
  17  01:30  Orbital Command  ксм на 2о1 газ
  17  1:40  Reaper  
  18  1:56  Supply Depot  
  18  1:59  Reaper  
  19  2:00  Reaper  
  22  2:26  Factory  
  23  2:35  Reaper  
  24  2:36  Reaper  
Spawning Tool Build Advisor. Get it on Overwolf

Go to:

Details

  • Created by: BeliyEzhik
  • Published on: Feb 09, 2026
  • Modified on: Feb 09, 2026
  • Patch: 5.0.11
  • Difficulty: Medium
Show
View Real Time Build Order
Export as new Build Order

Comments (0)

There are no comments. Be the first!

Create an account to comment!